[Event "*** Titled Tuesday Blitz"]
[Site "Chess.com"]
[Date "2020.02.04"]
[Round "3"]
[White "PotapovaM"]
[Black "ChEsper99"]
[Result "1-0"]
[WhiteElo "2519"]
[BlackElo "2019"]
[TimeControl "180+2"]
[EndTime "13:37:46 PST"]
[Termination "PotapovaM won on time"]

1. d4 Nf6 2. c4 e6 3. Nf3 a6 4. g3 b5 5. cxb5 axb5 6. Bg2 Bb7 7. O-O Be7 8. Nbd2 d5 9. Ne5 O-O 10. f4 Nbd7 11. e3 c5 12. Ndf3 Qb6 13. Nxd7 Nxd7 14.
Kh1 Bf6 15. Ne5 Nxe5 16. fxe5 Be7 17. Qg4 Kh8 18. Bd2 f6 19. Bh3 f5 20. Qf4 Ra4 21.
Bc3 b4 22. Bd2 Ba6 23. Rfd1 c4 24. g4 g6 25. gxf5 gxf5 26. Rg1 Qd8 27. Rg2 Bb5 28. Rag1 Ra7 29. Qh6 Rf7 30. Rg7 1-0

[Event "*** Titled Tuesday Blitz"]
[Site "Chess.com"]
[Date "2020.02.04"]
[Round "3"]
[White "KRASAVCHIK2002"]
[Black "TheBigBoss04"]
[Result "1-0"]
[WhiteElo "2523"]
[BlackElo "2670"]
[TimeControl "180+2"]
[EndTime "13:37:51 PST"]
[Termination "KRASAVCHIK2002 won by resignation"]

1. e4 c5 2. Nf3 Nc6 3. d4 cxd4 4.
Nxd4 Qb6 5. Nb3 Nf6 6. Nc3 e6 7.
Be3 Qc7 8. f4 d6 9. Qe2 a6 10.
O-O-O b5 11. g4 b4 12. Na4 Rb8 13. Bg2 Be7 14. h4 h5 15. g5 Ng4 16. Bg1 Bd7 17.
Qxa6 Bc8 18. Qc4 Ra8 19. Nb6 Rxa2 20. e5 d5 21. Nxd5 exd5 22. Bxd5 Bd7 23. g6 fxg6 24. e6 Bc8 25. Qxc6+ Qxc6 26. Bxc6+ Kf8 27. Bc5 Bxc5 28. Rd8+ Ke7 29. Rxh8 Be3+ 30. Kb1 Bxe6 31. Kxa2 Nf2 1-0

[Event "*** Titled Tuesday Blitz"]
[Site "Chess.com"]
[Date "2020.02.04"]
[Round "3"]
[White "Supernotar"]
[Black "Mikasinski"]
[Result "1-0"]
[WhiteElo "2548"]
[BlackElo "2240"]
[TimeControl "180+2"]
[EndTime "13:37:55 PST"]
[Termination "Supernotar won by resignation"]

1. d4 Nf6 2. c4 g6 3. Nc3 Bg7 4. e4 d6 5. Be2 O-O 6. Nf3 e5 7. O-O Nc6 8. d5 Ne7 9. Ne1 Ne8 10. Be3 f5 11. f3 Nf6 12. c5 f4 13.
Bf2 g5 14. a4 Ng6 15. a5 Rf7 16. cxd6 cxd6 17. Nb5 Bf8 18. Bxa7 Bd7 19. Bb6 Qe7 20.
Nc7 Rc8 21. Rc1 Rg7 22. Ne6 Rxc1 23. Qxc1 Bxe6 24. dxe6 g4 25. Qc8 Nh4 26. Bc4 d5 27. exd5 Nf5 28. Bd8 Qc5+ 29. Qxc5 Bxc5+ 30. Kh1 Nh5 31. fxg4 Rxg4 32. Nf3 Rg6 33. Nh4 Rh6 34. Nxf5 Ng3+ 35.
Nxg3 fxg3 36. h3 Kg7 37. e7 1-0

[Event "*** Titled Tuesday Blitz"]
[Site "Chess.com"]
[Date "2020.02.04"]
[Round "3"]
[White "VeraNebolsina"]
[Black "CzechmVIII"]
[Result "1/2-1/2"]
[WhiteElo "2372"]
[BlackElo "2188"]
[TimeControl "180+2"]
[EndTime "13:37:57 PST"]
[Termination "Game drawn by repetition"]

1. e4 c5 2. Nc3 Nc6 3. Bb5 Nd4 4. Nf3 a6 5. Bc4 e6 6. a4 g6 7. Nxd4 cxd4 8. Ne2 Bg7 9. c3 d5 10. exd5 exd5 11.
Ba2 d3 12. Nf4 Qe7+ 13. Kf1 Nf6 14. Nxd3 O-O 15. Nf4 d4 16. d3 dxc3 17. bxc3 Ng4 18. h3 Bxc3 19. Ba3 Qe5 20. Bxf8 Nxf2 21. Kxf2 Qxf4+ 22. Qf3 Bd4+ 23. Ke2 Qxf3+ 24. Kxf3 Bxa1 25. Rxa1 Kxf8 26. Rc1 Bd7 27. Rc7 Bxa4 28. Rxf7+ Ke8 29. Rxh7 Rd8 30. Bf7+ Kf8 31. Bxg6 Bc6+ 32. Be4 Bxe4+ 33. dxe4 b5 34. Ra7 Rd6 35. e5 Rb6 36. Ke4 b4 37. Kf5 b3 38. Ra8+ Ke7 39. Ra7+ Kf8 40. Ra8+ Ke7 41. Ra7+ Kf8 1/2-1/2

[Event "*** Titled Tuesday Blitz"]
[Site "Chess.com"]
[Date "2020.02.04"]
[Round "3"]
[White "TwentyHourADay"]
[Black "bait_or_mate"]
[Result "1-0"]
[WhiteElo "2252"]
[BlackElo "2513"]
[TimeControl "180+2"]
[EndTime "13:38:01 PST"]
[Termination "TwentyHourADay won by resignation"]

1. Nf3 d5 2. g3 c6 3. Bg2 Bg4 4. c4 Nf6 5. O-O Nbd7 6. d4 e6 7. Nc3 Bd6 8. cxd5 exd5 9. h3 Bh5 10. Nh4 Bg6 11. Nxg6 hxg6 12. Qd3 O-O 13. Bg5 Re8 14. Rfe1 Qe7 15. e4 dxe4 16. Nxe4 Qf8 17. Nxd6 Qxd6 18. Bf4 Qb4 19. Qc3 Qb5 20. a4 Qf5 21. Rxe8+ Rxe8 22. Qb3 Nb6 23. a5 Nbd5 24. Be5 Re7 25. a6 b6 26.
g4 Qd7 27. Rc1 g5 28. Qa4 b5 29. Qc2 Re6 30. Qf5 Qc8 31. Qxg5 Qxa6 32. Qf5 Qa2 33. g5 Nd7 34. g6 Nxe5 35. gxf7+ Nxf7 36. Qxe6 Qxb2 37. Rxc6 Nf4 38. Rc8+ Kh7 39. Be4+ g6 40. Qxf7+ Kh6 41. Qxf4+ 1-0

[Event "*** Titled Tuesday Blitz"]
[Site "Chess.com"]
[Date "2020.02.04"]
[Round "3"]
[White "PNEPaul"]
[Black "isla88"]
[Result "0-1"]
[WhiteElo "1800"]
[BlackElo "2330"]
[TimeControl "180+2"]
[EndTime "13:38:01 PST"]
[Termination "isla88 won by checkmate"]

1. e4 c5 2. Nf3 Nc6 3. d4 cxd4 4. c3 dxc3 5. Nxc3 e6 6. Bf4 a6 7. Bd3 Nf6 8. Qe2 Bb4 9. Rd1 O-O 10. e5 Nd5 11.
Bxh7+ Kxh7 12. Ng5+ Kg6 13. Rxd5 exd5 14. h4 Bxc3+ 15.
bxc3 Qa5 16. h5+ Kh6 17. Nxf7+ Kh7 18. Qd3+ Kg8 19. Ng5 Rxf4 20. Qh7+ Kf8 21. Qh8+ Ke7 22. Qxg7+ Kd8 23. Nf7+ Kc7 24. O-O Ne7 25. Qf8 Nf5 26. Qd8+ Kb8 27. Qxa5 Ka7 28. Qc5+ b6 29. Qc7+ Bb7 30.
Nd8 Rb8 31. e6 dxe6 32. Qxf4 Rxd8 33. h6 d4 34. cxd4 Rg8 35. g3 Rh8 36. Rc1 Rxh6 37. Rc7 Rh1# 0-1

[Event "*** Titled Tuesday Blitz"]
[Site "Chess.com"]
[Date "2020.02.04"]
[Round "3"]
[White "Slovak_fighter2000"]
[Black "DiamondCrusher22"]
[Result "1-0"]
[WhiteElo "2518"]
[BlackElo "2005"]
[TimeControl "180+2"]
[EndTime "13:38:02 PST"]
[Termination "Slovak_fighter2000 won by resignation"]

1. d4 d5 2. c4 c6 3. Nf3 Nf6 4. Nc3 dxc4 5. a4 e6 6. e3 c5 7. Bxc4 Nc6 8. O-O Be7 9. Qe2 cxd4 10. Rd1 O-O 11. exd4 Nb4 12. Bg5 a6 13. Ne5 Nbd5 14. Rac1 Bd7 15. Nxd7 Qxd7 16. Nxd5 exd5 17. Bb3 Rfe8 18.
Qf3 Rad8 19. Bf4 Bd6 20. Bg5 Be7 21. h3 Ne4 22. Bf4 Bd6 23. Be3 Bb8 24. Rc2 Re6 25. Rdc1 Rf6 26. Qg4 Qd6 27. g3 Rg6 28. Qh4 Re8 29. Rc8 Re6 30. Bf4 Qd7 31. Rxb8 Rxb8 32. Bxb8 Rh6 33. Qg4 f5 34. Qf4 Rxh3 35. Qe5 Nf6 36.
Rc7 Qe8 1-0

[Event "*** Titled Tuesday Blitz"]
[Site "Chess.com"]
[Date "2020.02.04"]
[Round "3"]
[White "alishersuleymenov"]
[Black "Rud_Makarian"]
[Result "1-0"]
[WhiteElo "2804"]
[BlackElo "2622"]
[TimeControl "180+2"]
[EndTime "13:38:05 PST"]
[Termination "alishersuleymenov won by resignation"]

1. d4 Nf6 2. Nf3 g6 3. Bg5 Bg7 4. c3 O-O 5. Nbd2 d5 6. e3 c5 7. dxc5 Nbd7 8. Nb3 Qc7 9. Bf4 e5 10. Bg3 Re8 11. Bb5 a6 12. Ba4 Re7 13. O-O b5 14. cxb6 Nxb6 15. Nbd2 Ne4 16. Bc2 Nxg3 17. hxg3 a5 18.
a4 Ba6 19. Re1 Rd8 20. Qc1 Red7 21. Bd1 Nc4 22. Be2 Bb7 23. Rd1 Nd6 24. Bf1 h6 25. g4 f5 26. gxf5 gxf5 27. Qc2 e4 28.
Nh4 Kh7 29. g3 Bf6 30. Ng2 Rg7 31. Nb3 Rdg8 32. Be2 Be5 33. Nd4 Qe7 34. Bf1 Bxg3 35. fxg3 Rxg3 36. Qf2 Nc4 37. Nxf5 Kh8 38. Nxe7 1-0

[Event "*** Titled Tuesday Blitz"]
[Site "Chess.com"]
[Date "2020.02.04"]
[Round "3"]
[White "Eloist"]
[Black "Jahonas"]
[Result "0-1"]
[WhiteElo "2241"]
[BlackElo "2410"]
[TimeControl "180+2"]
[EndTime "13:38:07 PST"]
[Termination "Jahonas won on time"]

1. e4 c6 2. Nf3 d5 3. Nc3 Bg4 4. d4 e6 5. h3 Bh5 6. Bd3 Nd7 7.
O-O Bb4 8. Bd2 Ne7 9. a3 Ba5 10.
Re1 O-O 11. b4 Bb6 12. g4 Bg6 13. Kg2 dxe4 14. Nxe4 Nf6 15. Nxf6+ gxf6 16. Bh6 Re8 17. c4 Bc7 18. Qe2 Qd6 19. Qe3 Rad8 20. Rad1 a5 21. h4 Bxd3 22. Qxd3 Ng6 23. Re4 axb4 24. axb4 Qxb4 25.
h5 Ne5 26. Rxe5 Bxe5 27. Rb1 Qe7 28. Qe4 Bb8 29. g5 f5 30. Qe3 e5 0-1

[Event "*** Titled Tuesday Blitz"]
[Site "Chess.com"]
[Date "2020.02.04"]
[Round "3"]
[White "Justmig"]
[Black "Sanan_Sjugirov"]
[Result "0-1"]
[WhiteElo "2653"]
[BlackElo "2831"]
[TimeControl "180+2"]
[EndTime "13:38:13 PST"]
[Termination "Sanan_Sjugirov won by resignation"]

1. d4 Nf6 2. Bg5 d5 3. e3 g6 4. Bxf6 exf6 5. c4 dxc4 6. Bxc4 Bd6 7. Nc3 f5 8. Qf3 O-O 9. h4 h5 10. Nge2 Nd7 11. Nf4 Kg7 12. O-O-O Nf6 13. Kb1 Rb8 14. Nb5 a6 15. Nxd6 Qxd6 16. Bb3 Bd7 17. Rc1 a5 18. Qg3 Ne4 19. Nxh5+ Kh6 20. Qf4+ Qxf4 21. Nxf4 a4 22. Rxc7 axb3 23. Rxd7 Rfc8 24. Rxf7 Nd2+ 25. Ka1 Ra8 26. a3 Rc2 0-1

[Event "*** Titled Tuesday Blitz"]
[Site "Chess.com"]
[Date "2020.02.04"]
[Round "3"]
[White "Shukh_Nikolay"]
[Black "pawnwonder"]
[Result "1-0"]
[WhiteElo "2527"]
[BlackElo "2114"]
[TimeControl "180+2"]
[EndTime "13:38:14 PST"]
[Termination "Shukh_Nikolay won by resignation"]

1. d4 Nf6 2. c4 g6 3. Nc3 Bg7 4. e4 d6 5. f3 O-O 6. Be3 c5 7. dxc5 dxc5 8. Qxd8 Rxd8 9. Bxc5 Nc6 10. Nge2 b6 11. Ba3 Be6 12. Nf4 Nd4 13. Nxe6 fxe6 14.
O-O-O Kf7 15. Bd3 Rac8 16. Kb1 Nd7 17. Ne2 Ne5 18. Nxd4 Nxd3 19. Rxd3 Rxc4 20. Rhd1 Rcxd4 21. Rxd4 Rxd4 22. Rxd4 Bxd4 23. Kc2 Be5 24. h3 Bd6 25. Bxd6 exd6 26. Kc3 g5 27. Kc4 a6 28. Kd4 Kf6 29.
e5+ dxe5+ 30. Ke4 h5 31. g3 b5 32. b4 g4 33. fxg4 hxg4 34. h4 1-0

[Event "*** Titled Tuesday Blitz"]
[Site "Chess.com"]
[Date "2020.02.04"]
[Round "3"]
[White "r31415"]
[Black "novocane"]
[Result "1-0"]
[WhiteElo "2380"]
[BlackElo "2148"]
[TimeControl "180+2"]
[EndTime "13:38:15 PST"]
[Termination "r31415 won by resignation"]

1. d4 Nf6 2. Nf3 e6 3. c4 b6 4. g3 Ba6 5. Qc2 c5 6. Bg2 Nc6 7. d5 exd5 8. cxd5 Nb4 9. Qa4 b5 10. Qd1 Nbxd5 11. O-O Be7 12. e4 Nb6 13. e5 Nfd5 14.
Ne1 Bb7 15. Qg4 O-O 16. Bh6 g6 17. Bxf8 Bxf8 18. Nc3 Nxc3 19. bxc3 Bxg2 20. Nxg2 d5 21. Rfd1 Qe7 22. f4 Bg7 23. Ne3 Rd8 24. Qf3 Qe6 25.
Rd2 a6 26. Rad1 d4 27. cxd4 cxd4 28. Rxd4 Rxd4 29. Rxd4 Qxa2 30. Rd8+ Bf8 31. Qb7 Qa1+ 32. Nf1 Qc1 33. Qxb6 Kg7 1-0

[Event "*** Titled Tuesday Blitz"]
[Site "Chess.com"]
[Date "2020.02.04"]
[Round "3"]
[White "volcanoexplorer"]
[Black "Philosopherrr"]
[Result "0-1"]
[WhiteElo "2611"]
[BlackElo "2451"]
[TimeControl "180+2"]
[EndTime "13:38:22 PST"]
[Termination "Philosopherrr won by resignation"]

1. e4 e5 2. Nf3 Nc6 3. Bc4 Bc5 4.
O-O Nf6 5. d3 d6 6. c3 O-O 7. Re1 h6 8. Nbd2 a5 9. a4 Ne7 10. Nf1 Ng6 11. Ng3 c6 12. Ba2 Be6 13. Bd2 Re8 14. Bxe6 Rxe6 15. d4 Ba7 16. Qb3 Qd7 17.
Rad1 exd4 18. Nxd4 Ree8 19. Ndf5 d5 20. Be3 Nxe4 21. Bxa7 Nxg3 22. Rxe8+ Qxe8 23. hxg3 Rxa7 24.
Qb6 Qe2 25. Qd4 f6 26. Ne3 Ra8 27. Rd2 Qe1+ 28. Kh2 Qb1 29. Qg4 Ne5 30. Qe6+ Kh8 31. f4 Qe4 32. fxe5 Qxe3 33. Rd1 Qxe5 34. Qg4 Re8 35. Rf1 Qg5 36. Qf3 Re3 37. Qf2 Qh5+ 38. Kg1 Qe5 39. Kh2 Qe4 40. Qf4 Qxf4 41. Rxf4 Re4 42. Rf2 Rxa4 43. Re2 Ra2 44. Kg1 a4 45. Kf1 a3 46. Re8+ Kh7 47. bxa3 Rxa3 48. Re7 b5 49. Re3 b4 0-1

[Event "*** Titled Tuesday Blitz"]
[Site "Chess.com"]
[Date "2020.02.04"]
[Round "3"]
[White "esteban062000"]
[Black "Witik"]
[Result "1-0"]
[WhiteElo "2146"]
[BlackElo "2608"]
[TimeControl "180+2"]
[EndTime "13:38:23 PST"]
[Termination "esteban062000 won on time"]

1. Nf3 Nf6 2. c4 g6 3. b4 Bg7 4. Bb2 O-O 5. g3 d6 6. Bg2 e5 7. d3 Ng4 8. Qb3 a5 9. b5 Nd7 10. O-O Nc5 11. Qc2 f5 12. Nbd2 Rb8 13. Nb3 Nxb3 14. axb3 b6 15. Bc3 Qe7 16. b4 axb4 17.
Bxb4 e4 18. dxe4 fxe4 19. Ra7 exf3 20. Bxf3 Rxf3 21. exf3 Ne5 22. Qe4 Bf5 23. Qd5+ Be6 24. Qe4 Qf7 25. f4 Nxc4 26. Re1 Re8 27. Ra8 Rxa8 28. Qxa8+ Bf8 29. Qe4 Bh3 30. Bc3 d5 31. Qd4 Bg7 32. Re8+ 1-0

[Event "*** Titled Tuesday Blitz"]
[Site "Chess.com"]
[Date "2020.02.04"]
[Round "3"]
[White "francyIM"]
[Black "MathiasWomacka"]
[Result "0-1"]
[WhiteElo "2595"]
[BlackElo "2421"]
[TimeControl "180+2"]
[EndTime "13:38:23 PST"]
[Termination "MathiasWomacka won by resignation"]

1. c4 c5 2. Nf3 Nf6 3. g3 b6 4. Bg2 Bb7 5. O-O e6 6. Nc3 Be7 7. Re1 d5 8. cxd5 Nxd5 9. e4 Nb4 10. d4 cxd4 11. Nxd4 N8c6 12. Nxc6 Qxd1 13. Rxd1 Bxc6 14.
a3 Nc2 15. Ra2 Rd8 16. Rxd8+ Bxd8 17. b4 Ne1 18. Bf1 Bf6 19. Bb5 Kd7 20. Bd2 Nf3+ 21. Kg2 Nxd2 22. Rxd2+ Kc7 23. Rc2 Kb7 24. Bxc6+ Kxc6 25. Nd5+ Kd6 26. Nc7 a5 27. Nb5+ Ke5 28. Kf3 axb4 29.
Ke3 Be7 30. Rc7 Bc5+ 31. Kd3 Bxf2 32. axb4 Rf8 33. Ke2 Bg1 34. Rc1 Bxh2 35. Kf3 f5 36. exf5 exf5 37. Kg2 Bxg3 38. Kxg3 g5 39. Re1+ Kf6 40.
Nc7 Rd8 41. Rc1 Rd3+ 42. Kf2 Rb3 43. Rc6+ Ke5 44. Rxb6 g4 45. Rb5+ Ke4 46. Ne6 Rb2+ 47. Kg3 Rb3+ 48. Kf2 Rb2+ 49. Ke1 g3 50. Ng5+ Kf4 51.
Nh3+ Kg4 52. Rb7 Kxh3 53. Rxh7+ Kg4 54. Rg7+ Kf3 0-1

[Event "*** Titled Tuesday Blitz"]
[Site "Chess.com"]
[Date "2020.02.04"]
[Round "3"]
[White "kosya4ok"]
[Black "Hadza_3"]
[Result "1-0"]
[WhiteElo "2604"]
[BlackElo "2394"]
[TimeControl "180+2"]
[EndTime "13:38:24 PST"]
[Termination "kosya4ok won by resignation"]

1. e4 e5 2. Nf3 Nc6 3. Bc4 Nf6 4. d3 Be7 5. O-O d6 6. a4 O-O 7. Nc3 Bg4 8. h3 Bh5 9. g4 Nxg4 10. hxg4 Bxg4 11.
Be3 Kh8 12. Kg2 f5 13. Rh1 h5 14.
Nxe5 Bxd1 15. Raxd1 h4 16. Ng6+ Kh7 17. Nxe7 Qxe7 18. Nd5 Qd8 19. f4 g6 20. Bf2 Kg7 21.
Bxh4 Qd7 22. Bg5 Na5 23. Bh6+ Kf7 24. Nb6+ Nxc4 25. Nxd7 Rh8 26. dxc4 fxe4 27. Bg5 Ke6 28. Nf6 Kf5 29. Nd5 c6 30. Ne3+ Ke6 31. Rxh8 Rxh8 32.
Rh1 1-0

[Event "*** Titled Tuesday Blitz"]
[Site "Chess.com"]
[Date "2020.02.04"]
[Round "3"]
[White "WPWPWP-2015"]
[Black "CM_Perligero"]
[Result "1-0"]
[WhiteElo "2525"]
[BlackElo "2092"]
[TimeControl "180+2"]
[EndTime "13:38:25 PST"]
[Termination "WPWPWP-2015 won by resignation"]

1. d4 Nf6 2. c4 c6 3. Nf3 d5 4. Nc3 e6 5. e3 Nbd7 6. Qc2 Bd6 7. b3 O-O 8. Be2 a6 9. c5 Bc7 10. Bb2 e5 11. h3 Re8 12. O-O-O b6 13. cxb6 Bxb6 14.
Na4 e4 15. Ne5 Nxe5 16. dxe5 Nd7 17. Qxc6 Rb8 18. Qxd5 Qc7+ 19. Kb1 Nxe5 20. Nxb6 Nd3 21. Bxd3 exd3 22. Nxc8 Qc2+ 23. Ka1 Rbxc8 24. Qxd3 Qxf2 25.
Rhf1 Qg3 26. e4 Qg6 27. e5 Qe6 28. Qd5 a5 29. Qxe6 Rxe6 30. Rd7 Rce8 31. Rfxf7 Rg6 32.
g4 h5 33. e6 Rexe6 34. Rxg7+ Rxg7 35. Rxg7+ Kf8 36. a3 Re1+ 37. Ka2 Re2 38. gxh5 Rxb2+ 39. Kxb2 Kxg7 40. Kc3 1-0

[Event "*** Titled Tuesday Blitz"]
[Site "Chess.com"]
[Date "2020.02.04"]
[Round "3"]
[White "vova-79"]
[Black "AnnaChessLook"]
[Result "1-0"]
[WhiteElo "2462"]
[BlackElo "2252"]
[TimeControl "180+2"]
[EndTime "13:38:25 PST"]
[Termination "vova-79 won by resignation"]

1. d4 Nf6 2. c4 c5 3. Nf3 g6 4.
Nc3 cxd4 5. Nxd4 Bg7 6. g3 O-O 7. Bg2 Nc6 8. O-O d6 9. b3 Nxd4 10. Qxd4 Nd5 11. Qxd5 Bxc3 12. Bh6 Bg7 13. Bxg7 Kxg7 14.
Rfd1 Qc7 15. Rac1 a5 16. c5 dxc5 17. Rxc5 Qb6 18. Qd4+ Qf6 19. Rc7 Qxd4 20. Rxd4 e5 21. Rd6 Ra6 22. Rxa6 bxa6 23. Bd5 Kf6 24. f3 h5 25. h4 Kg7 26. Kf2 Kf6 27. e4 Kg7 28. Ke3 Kf6 29. Bxf7 Rxf7 30. Rxc8 Ra7 31. Rc6+ Kf7 32. Rc5 a4 33. bxa4 Kf6 34. Rc6+ Kf7 35. a5 Rc7 36. Rxc7+ 1-0

[Event "*** Titled Tuesday Blitz"]
[Site "Chess.com"]
[Date "2020.02.04"]
[Round "3"]
[White "Borsuk_Konstantin"]
[Black "Teidi96"]
[Result "1-0"]
[WhiteElo "2527"]
[BlackElo "2293"]
[TimeControl "180+2"]
[EndTime "13:38:27 PST"]
[Termination "Borsuk_Konstantin won on time"]

1. d4 Nf6 2. c4 e6 3. Nc3 d5 4. cxd5 exd5 5. Bg5 c6 6. e3 Be7 7. Bd3 O-O 8. Nge2 Nbd7 9. Qc2 Re8 10. f3 Nf8 11. Bh4 g6 12. O-O Ne6 13. h3 Ng7 14. e4 c5 15. Bxf6 Bxf6 16. Nxd5 cxd4 17. Nc7 Be6 18. Nxa8 Qxa8 19. Rac1 Bd7 20. a4 Ne6 21. f4 Rc8 22. Qd2 Nc5 23. e5 Nb3 24. Rxc8+ Qxc8 25. Qc2 Qxc2 26. Bxc2 d3 27. Bxb3 dxe2 28. Re1 Be7 29. Rxe2 Bc5+ 30. Kh2 Kf8 31. g4 h6 32. Bc2 g5 33. f5 Bd4 34. b3 Bc6 35. Be4 Bxe5+ 36. Kg2 Bxe4+ 37. Rxe4 f6 38. Rc4 Ke7 39. Kf3 Kd6 40. Ke4 a5 41. Rc8 b6 42. Rc2 1-0

[Event "*** Titled Tuesday Blitz"]
[Site "Chess.com"]
[Date "2020.02.04"]
[Round "3"]
[White "JozefKneht"]
[Black "Storne89"]
[Result "0-1"]
[WhiteElo "2446"]
[BlackElo "2645"]
[TimeControl "180+2"]
[EndTime "13:38:28 PST"]
[Termination "Storne89 won by resignation"]

1. d4 Nf6 2. Bf4 g6 3. e3 Bg7 4. Nf3 O-O 5. Be2 b6 6. O-O Bb7 7. h3 d6 8. c3 Nbd7 9. a4 a6 10. Nbd2 Re8 11. Bh2 e5 12. Qb3 Ne4 13. Nxe4 Bxe4 14.
Rfd1 Qe7 15. g3 h6 16. g4 Kh7 17. Nd2 Bb7 18. Bf3 Bxf3 19. Nxf3 f5 20. Qc2 Rf8 21.
Qe2 Rf7 22. dxe5 Nxe5 23. Nxe5 Bxe5 24. Bxe5 Qxe5 25. f4 Qe6 26. g5 hxg5 27. fxg5 f4 28. Rd4 Re8 29. Rf1 Qe5 30. Qf2 Qxg5+ 31. Kh1 Rxe3 32.
Qg2 Rg3 33. Qh2 Qh5 34. h4 Qg4 35. h5 gxh5 36. Rd3 Rxd3 37. Rg1 Rg3 38. Rxg3 fxg3 39.
Qc2+ Qf5 40. Qf2 gxf2 0-1

[Event "*** Titled Tuesday Blitz"]
[Site "Chess.com"]
[Date "2020.02.04"]
[Round "3"]
[White "Shant_Sargsyan"]
[Black "LogoCzar"]
[Result "1-0"]
[WhiteElo "2987"]
[BlackElo "2511"]
[TimeControl "180+2"]
[EndTime "13:38:32 PST"]
[Termination "Shant_Sargsyan won by checkmate"]

1. Nf3 c5 2. e4 d6 3. Nc3 Nf6 4.
d4 cxd4 5. Nxd4 a6 6. Be3 e5 7. Nf3 Be7 8. Bc4 O-O 9. O-O Be6 10. Bb3 Nc6 11. h3 Qc7 12. Bg5 Na5 13. Bxf6 Bxf6 14. Nd5 Bxd5 15. Bxd5 Rac8 16. c3 Be7 17. Nd2 b5 18.
Kh1 Kh8 19. Qe2 Bg5 20. Nf3 Be7 21. h4 f5 22. exf5 Rxf5 23. Be4 Rf4 24. g3 Rf7 25.
Rad1 Qd7 26. Kg2 Qg4 27. Bd5 Rf4 28. Ng1 Qg6 29. h5 Qg4 30. Bf3 Rxf3 31. Qxf3 Qe6 32. Qd5 Qf5 33. Nf3 Nc4 34. b3 Nb6 35. Qb7 Rf8 36. Nh2 Nc8 37. Qxa6 Qxh5 38. Qxb5 g5 39. Qd3 g4 40. Qe4 Qh3+ 41. Kg1 Rg8 42. c4 Bh4 43. Qg2 Bxg3 44. fxg3 Qh5 45. Qf2 h6 46. Qf6+ Rg7 47.
c5 Qh3 48. Qf2 dxc5 49. Rd8+ Rg8 50. Rxg8+ Kxg8 51. Qf8+ Kh7 52. Rf7+ Kg6 53. Qg7+ Kh5 54. Rf5# 1-0

[Event "*** Titled Tuesday Blitz"]
[Site "Chess.com"]
[Date "2020.02.04"]
[Round "3"]
[White "Galiev_Azat"]
[Black "enriquetejedor"]
[Result "0-1"]
[WhiteElo "2253"]
[BlackElo "2479"]
[TimeControl "180+2"]
[EndTime "13:38:32 PST"]
[Termination "enriquetejedor won by resignation"]

1. d4 d5 2. Bf4 c5 3. e3 Nc6 4. c3 Nf6 5. Nd2 Qb6 6. Qb3 c4 7. Qc2 g6 8. e4 Na5 9. Be5 Be6 10.
Ngf3 dxe4 11. Ng5 Bd5 12. Ngxe4 Bh6 13. Rb1 O-O 14. Be2 Qc6 15. Bf3 b6 16. O-O Nd7 17. Bg3 f5 18. Rfe1 fxe4 19. Nxe4 Rxf3 20. gxf3 Rf8 21. Kg2 Rxf3 22. Kxf3 Nf6 23. Ke2 Bxe4 24. Qd1 Bf3+ 25. Kf1 Bxd1 26. Rbxd1 Qh1+ 27. Ke2 Qe4+ 28. Kf1 Qc2 29. d5 Bd2 30. d6 Bxe1 31. Rxe1 exd6 32. Bxd6 Qd3+ 33. Kg1 Qxd6 34. Re3 Ng4 0-1

[Event "*** Titled Tuesday Blitz"]
[Site "Chess.com"]
[Date "2020.02.04"]
[Round "3"]
[White "Poghosyan_Suren"]
[Black "heyiampotato"]
[Result "1-0"]
[WhiteElo "2669"]
[BlackElo "2462"]
[TimeControl "180+2"]
[EndTime "13:38:33 PST"]
[Termination "Poghosyan_Suren won by resignation"]

1. Nf3 Nf6 2. b3 g6 3. Bb2 Bg7 4. c4 O-O 5. g3 d6 6. Bg2 e5 7.
O-O Nc6 8. d4 e4 9. Ne1 Re8 10.
Nc2 h5 11. Nc3 h4 12. Ne3 Bh6 13. Ned5 Bf5 14. Nxf6+ Qxf6 15. Nd5 Qd8 16. Ne3 Bxe3 17. fxe3 hxg3 18. hxg3 Qg5 19. Kf2 Bg4 20. Rh1 d5 21.
Rh4 Re6 22. Qh1 Rf6+ 23. Ke1 Bh5 24. cxd5 Qxe3 25. Rxh5 gxh5 26. Qxh5 Nb4 27. Qg4+ Rg6 28. Qxe4 Qxe4 29. Bxe4 Rxg3 30. Kf2 Rg5 31. Bc1 Rg4 32. Bf3 Rxd4 33. Bg5 Nxd5 34. Rh1 Kf8 35. Rh8+ Kg7 36. Rxa8 1-0

[Event "*** Titled Tuesday Blitz"]
[Site "Chess.com"]
[Date "2020.02.04"]
[Round "3"]
[White "GMHess"]
[Black "Region_07"]
[Result "1-0"]
[WhiteElo "2747"]
[BlackElo "2483"]
[TimeControl "180+2"]
[EndTime "13:38:35 PST"]
[Termination "GMHess won by checkmate"]

1. b3 f5 2. Bb2 Nf6 3. h3 d6 4. d4 g6 5. c4 Bg7 6. Nc3 O-O 7. Qd2 c6 8. O-O-O a5 9. e3 a4 10. Nxa4 Ne4 11. Qc2 Qa5 12. Kb1 Na6 13. a3 b5 14.
Nc3 bxc4 15. Bxc4+ d5 16. Bd3 e6 17. Nf3 c5 18.
Ne5 Bxe5 19. dxe5 Bd7 20. Bxe4 fxe4 21. Nxe4 Rab8 22. Nf6+ Rxf6 23. exf6 e5 24. Rxd5 Bf5 25. e4 Be6 26. Bxe5 Rb7 27. Rhd1 Qa4 28. Bb2 Rxb3 29. R5d3 c4 30. Rxb3 cxb3 31. Qd3 Nc5 32. Qd8+ Kf7 33. Qe7+ Kg8 34. Qg7# 1-0

[Event "*** Titled Tuesday Blitz"]
[Site "Chess.com"]
[Date "2020.02.04"]
[Round "3"]
[White "Gahan-MG"]
[Black "LawrenceTrent"]
[Result "1-0"]
[WhiteElo "2445"]
[BlackElo "2600"]
[TimeControl "180+2"]
[EndTime "13:38:37 PST"]
[Termination "Gahan-MG won by resignation"]

1. e4 c5 2. Nf3 Nc6 3. c3 Nf6 4. e5 Nd5 5. d4 cxd4 6. cxd4 e6 7.
a3 d6 8. Bd3 Be7 9. O-O O-O 10.
Qe2 Bd7 11. Qe4 g6 12. Bh6 Re8 13. Nbd2 dxe5 14. dxe5 Bf8 15. Bg5 Be7 16. h4 Bxg5 17.
Nxg5 Nce7 18. Qg4 Qc7 19. Rfe1 Rac8 20. h5 Nf5 21. hxg6 hxg6 22. Qh3 Bc6 23. Nde4 Nf4 24.
Qh7+ Kf8 25. Nd6 Nxd3 26. Qh8+ Ke7 27. Qf6+ Kd7 28. Red1 Nxd6 29. Rxd3 Bd5 30. exd6 Qxd6 31. Ne4 Qa6 32. Rad1 Rc1 33. Qxf7+ Re7 34. Nf6+ Kd6 35. Rxd5+ exd5 36. Qxd5+ Kc7 37. Rxc1+ 1-0

[Event "*** Titled Tuesday Blitz"]
[Site "Chess.com"]
[Date "2020.02.04"]
[Round "3"]
[White "LADIESGET2KNOWME"]
[Black "hansen"]
[Result "0-1"]
[WhiteElo "2495"]
[BlackElo "2888"]
[TimeControl "180+2"]
[EndTime "13:38:41 PST"]
[Termination "hansen won by resignation"]

1. e4 e5 2. Nf3 Nc6 3. Bc4 Bc5 4. b4 Bxb4 5. c3 Be7 6. d4 d6 7. Qb3 Na5 8. Bxf7+ Kf8 9. Qa4 Kxf7 10. Qxa5 exd4 11.
cxd4 c6 12. Qa4 Nf6 13. Qb3+ d5 14. Ng5+ Kg8 15. e5 Ne8 16. Nf3 Nc7 17. O-O g5 18.
Nxg5 Bxg5 19. Qg3 Ne6 20. h4 Nxd4 21. Nc3 Nf5 22. Qxg5+ Qxg5 23. Bxg5 Kf7 24. Rab1 h6 25. Bf6 Rg8 26. Kh2 b6 27. Ne2 Ba6 28. Rb2 Bxe2 29. Rxe2 Ke6 30. Rc1 c5 31. a4 c4 32. Rb2 Rab8 33.
f3 h5 34. Re2 Rbc8 35. Rb2 c3 36. Ra2 d4 37. Ra3 Rc5 38. Bg5 Rxe5 39. Rc2 Ne3 40.
Rf2 Kd5 41. Bf4 Re6 42. g3 Kc4 43. Ra1 d3 44. a5 b5 45. a6 d2 46. Re2 Ng4+ 47.
fxg4 Rxe2+ 48. Kg1 Re1+ 0-1

[Event "*** Titled Tuesday Blitz"]
[Site "Chess.com"]
[Date "2020.02.04"]
[Round "3"]
[White "evgenyermolaev"]
[Black "GM_dmitrij"]
[Result "0-1"]
[WhiteElo "2509"]
[BlackElo "2917"]
[TimeControl "180+2"]
[EndTime "13:38:42 PST"]
[Termination "GM_dmitrij won by resignation"]

1. e4 c5 2. Nf3 d6 3. d4 cxd4 4. Nxd4 Nf6 5. Nc3 Nc6 6. Bg5 e6 7. Qd2 a6 8. O-O-O Bd7 9. f4 Be7 10. Kb1 b5 11. Bxf6 Bxf6 12. Nxc6 Bxc6 13. Qxd6 Qxd6 14.
Rxd6 Rc8 15. e5 Be7 16. Rd3 g5 17. fxg5 Bxg5 18. Be2 Bf4 19. Bf3 Bxe5 20. Bxc6+ Rxc6 21. Rhd1 O-O 22. Ne4 f5 23. Ng5 Bf6 24. Nf3 e5 25. Rd5 Re6 26. c3 Kg7 27. h3 h5 28. g4 fxg4 29.
hxg4 e4 30. Nd4 Bxd4 31. R5xd4 hxg4 32. Rg1 Rf4 33. Kc2 Kg6 34. Kd2 e3+ 35. Ke2 Rf2+ 36. Ke1 Rxb2 37. Rgxg4+ Kf7 38. Rgf4+ Ke7 39. Rfe4 Rxa2 40.
Rxe6+ Kxe6 41. Re4+ Kd5 42. Rxe3 Kc4 43. Kd1 a5 44.
Kc1 a4 45. Kb1 Rh2 46. Rg3 Kb3 0-1